 Dungeon Crawl Stone Soup version 0.22-a0-322-g60b3cfd (webtiles) character file.

42 xccam the Digger (level 3, 0/25 HPs)
             Began as a Gnoll Wanderer on Apr 4, 2018.
             Succumbed to an adder's poison
             ... on level 1 of the Dungeon.
             The game lasted 00:02:09 (874 turns).

xccam the Digger (Gnoll Wanderer)                    Turns: 874, Time: 00:02:09

Health: 0/25       AC:  5    Str: 16    XL:     3   Next: 56%
Magic:  7/7        EV: 12    Int: 12    God:
Gold:   48         SH:  0    Dex: 15    Spells: 7/7 levels left

rFire    . . .     SeeInvis .   c - +0 short sword
rCold    + . .     Gourm    .   (no shield)
rNeg     . . .     Faith    .   h - +0 ring mail {rC+}
rPois    .         Spirit   .   (no helmet)
rElec    .         Reflect  .   (no cloak)
rCorr    .         Harm     .   (no gloves)
MR       .....                  (no boots)
Stlth    +.........             (no amulet)
HPRegen  0.08/turn              (no ring)
MPRegen  0.10/turn              (no ring)

@: lethally poisoned (0 -> -5)
A: distributed training, fangs 1, strong nose
a: no special abilities


You were on level 1 of the Dungeon.
You were not hungry.

You visited 1 branch of the dungeon, and saw 2 of its levels.

You collected 48 gold pieces.

Inventory:

Hand Weapons
 a - a +2 dagger
 c - a +0 short sword (weapon)
Armour
 h - a +0 ring mail of cold resistance (worn)
Scrolls
 e - a scroll of remove curse {unknown}
 g - a scroll of fog {unknown}
 i - a scroll of identify {unknown}
 j - a scroll of blinking {unknown}
Potions
 d - a potion of haste {unknown}
Comestibles
 f - 4 rations


   Skills:
 + Level 0.8 Fighting
 + Level 4.5 Short Blades
 + Level 0.8 Long Blades
 + Level 0.8 Axes
 + Level 0.8 Maces & Flails
 + Level 0.8 Polearms
 + Level 0.8 Staves
 + Level 0.8 Slings
 + Level 0.8 Bows
 + Level 0.8 Crossbows
 + Level 2.6 Throwing
 + Level 0.8 Armour
 + Level 2.6 Dodging
 + Level 2.4 Stealth
 + Level 0.8 Shields
 + Level 0.8 Unarmed Combat
 + Level 2.8 Spellcasting
 + Level 0.5 Conjurations
 + Level 0.5 Hexes
 + Level 0.5 Charms
 + Level 2.1 Summonings
 + Level 0.5 Necromancy
 + Level 0.5 Translocations
 + Level 0.5 Transmutations
 + Level 0.5 Fire Magic
 + Level 0.5 Ice Magic
 + Level 0.5 Air Magic
 + Level 5.4 Earth Magic
 + Level 0.5 Poison Magic
 + Level 1.0 Invocations
 + Level 0.8 Evocations


You had 7 spell levels left.
You didn't know any spells.

Dungeon Overview and Level Annotations

Branches:
Dungeon (2/15)

Altars:


Innate Abilities, Weirdness & Mutations

Your experience applies equally to all skills.
You have very sharp teeth.
Your uncanny sense of smell can sniff out nearby items.


Message History

You closely miss the adder.
The adder is severely wounded.
The adder closely misses you.
You closely miss the adder.
The adder is heavily wounded.
* * * LOW HITPOINT WARNING * * *
You feel sick. The adder barely misses you. The goblin closely misses you.
You closely miss the adder.
The adder is heavily wounded.
The adder bites you.
* * * LOW HITPOINT WARNING * * *
The goblin hits you.
* * * LOW HITPOINT WARNING * * *
The adder misses you.
* * * LOW HITPOINT WARNING * * *
You feel sick. The goblin hits you but does no damage. The adder misses you.
The goblin barely misses you. The adder bites you but does no damage.
Unknown command.
The adder bites you but does no damage. The goblin barely misses you.
You die...

#...............
#...............
#...............
##...............
#................
#................
#.......##...##.#
###.......##.#.##÷#
#S@g...............
#........###.#.####
#........# #.......
#........#####.....
#..................
#........##........
###########........
#......). #...)..÷.


You could see an adder and a goblin.

Vanquished Creatures
  A worm (D:2)
  A dart slug (D:1)
  4 giant cockroaches (D:1)
  2 goblins (D:1)
  6 hobgoblins
  9 jackals (D:1)
  3 bats
  2 frilled lizards (D:1)
  A kobold (D:1)
  2 rats (D:1)
31 creatures vanquished.

Notes
Turn   | Place    | Note
-------+----------+-------------------------------------------
     0 | D:1      | xccam the Gnoll Wanderer began the quest for the Orb.
     0 | D:1      | xccam set off with: a +2 dagger, a potion of heal wounds, a +0 robe, a ration
     0 | D:1      | Reached XP level 1. HP: 13/13 MP: 4/4
   294 | D:1      | Reached XP level 2. HP: 13/19 MP: 5/5
   456 | D:1      | Reached XP level 3. HP: 15/25 MP: 7/7
   844 | D:2      | Reached skill level 1 in Invocations
   855 | D:2      | HP: 1/25 [adder (3)]
   871 | D:1      | HP: 1/25 [poisoned by an adder]
   874 | D:1      | Succumbed to an adder's poison

Vault maps used:
D:1:      sevenhm_arrival_forest_fort_large_2
D:2:      overflow_temple_1_default, first_ration

Skill      XL: |  1  2  3 |
---------------+----------+-----
Summonings     | 2 |  2.1
Invocations    | 1 |  1.0
Fighting       | |  0.8
Short Blades   | |  4.5
Long Blades    | |  0.8
Axes           | |  0.8
Maces & Flails | |  0.8
Polearms       | |  0.8
Staves         | |  0.8
Slings         | |  0.8
Bows           | |  0.8
Crossbows      | |  0.8
Throwing       | |  2.6
Armour         | |  0.8
Dodging        | |  2.6
Stealth        | |  2.4
Shields        | |  0.8
Unarmed Combat | |  0.8
Spellcasting   | |  2.8
Conjurations   | |  0.5
Hexes          | |  0.5
Charms         | |  0.5
Necromancy     | |  0.5
Translocations | |  0.5
Transmutations | |  0.5
Fire Magic     | |  0.5
Ice Magic      | |  0.5
Air Magic      | |  0.5
Earth Magic    | |  5.4
Poison Magic   | |  0.5
Evocations     | |  0.8

Action                   || total
-------------------------++-------
Melee: Dagger            ||    10
       Short sword       ||   126
       Bite              ||    18
  Use: Potion            ||     2
 Stab: Sleeping          ||     3
Armor: Robe              ||    33
       Ring mail         ||    21
Dodge: Dodged            ||   128

Table legend:
 A = Spawn XP
 B = Non-spawn XP
 C = Spawn XP percentage of total XP
 D = Spawn monster count
 E = Non-spawn monster count
 F = Spawn count percentage of total count
 G = Total turns spent on level
                    A         B        C        D         E        F      G
               +---------+---------+-------+---------+---------+-------+---------
         Total |       0 |      61 |   0.0 |       0 |      31 |   0.0 |   874
               +---------+---------+-------+---------+---------+-------+---------
           D:1 |       0 |      50 |   0.0 |       0 |      27 |   0.0 |   817
           D:2 |       0 |      11 |   0.0 |       0 |       4 |   0.0 |    57
               +---------+---------+-------+---------+---------+-------+---------
